 Dungeon Crawl Stone Soup version bcrawl-1.12-8-g964540c432 (webtiles) character file.

Game seed: 4311237711680348025

942 Freyura the Magician (level 8, 0/47 HPs)
             Began as a Fairy Fire Elementalist on June 10, 2019.
             Was an Initiate of Vehumet.
             Killed from afar by an orc wizard (1 damage)
             ... with a magic dart
             ... on level 5 of the Dungeon.
             The game lasted 00:19:18 (3476 turns).

Freyura the Magician (Fairy Fire Elementalist)      Turns: 3476, Time: 00:19:18

Health: 0/47       AC:  8    Str:  6    XL:     8   Next: 12%
Magic:  21/21      EV: 18    Int: 21    God:    Vehumet [......]
Gold:   278        SH:  5    Dex: 13    Spells: 13/22 levels left

rFire    . . .     SeeInvis +   l - +7 quarterstaff (chaos)
rCold    . . .     Gourm    .   (shield currently unavailable)
rNeg     . . .     Faith    .   (armour unavailable)
rPois    .         Spirit   .   (no helmet)
rElec    .         Reflect  .   k - +1 cloak
rCorr    .         Harm     .   (no gloves)
MR       .....                  c - +0 pair of boots
Stlth    +.........             (no amulet)
HPRegen  0.15/turn              f - ring of see invisible
MPRegen  0.17/turn              (no ring)

@: flying evasively
A: small, magic attunement, unstealthy, unfitting armour, able to fly, AC/SH +5
a: Stop Flying, Renounce Religion


You were on level 5 of the Dungeon.
You worshipped Vehumet.
Vehumet was noncommittal.
You were very hungry.

You visited 2 branches of the dungeon, and saw 6 of its levels.

You collected 278 gold pieces.

Inventory:

Hand Weapons
 l - a +7 quarterstaff of chaos (weapon)
Armour
 c - a +0 pair of boots (worn)
 j - the +7 chain mail of Bedevilment {*Corrode +Blink +Fly Int+5, unknown}
   (You found it on level 4 of the Dungeon)

   It affects your intelligence (+5).
   It lets you fly.
   It lets you blink.
   It may corrode you when you take damage.
 k - a +1 cloak (worn)
Jewellery
 f - a ring of see invisible (left hand)
Scrolls
 d - 2 scrolls of remove curse
 e - 4 scrolls of teleportation
 i - 4 scrolls of identify
 p - a scroll of magic mapping
Potions
 a - 2 potions of curing {unknown}
 g - a potion of heal wounds
 h - a potion of brilliance
 m - 2 potions of lignification
 n - a potion of degeneration {unknown}
 o - 2 potions of berserk rage {unknown}
 r - a potion of resistance {unknown}
 s - a potion of flight {unknown}
Comestibles
 b - 11 rations {!d}


   Skills:
 + Level 0.3 Fighting
 + Level 0.8 Staves
 + Level 4.1 Dodging
 - Level 1.5 Stealth
 * Level 7.9 Spellcasting
 + Level 4.7 Conjurations
 + Level 6.3 Fire Magic


You had 13 spell levels left.
You knew the following spells:

 Your Spells              Type           Power        Failure   Level  Hunger
a - Flame Tongue          Conj/Fire      ####.        1%          1    None
b - Conjure Flame         Conj/Fire      ####....     2%          3    None
c - Fireball              Conj/Fire      ####......   22%         5    None

Your spell library contained the following spells:

 Spells                   Type           Power        Failure   Level  Hunger
 Inner Flame              Hex/Fire       N/A          6%          3    None
 Sticky Flame             Conj/Fire      ####....     9%          4    None


Dungeon Overview and Level Annotations

Branches:
Dungeon (5/12)             Temple (1/1) D:4

Altars:
Ashenzari
Cheibriados
Dithmenos
Fedhas
Gozag
Hepliaklqana
Kikubaaqudgha
Lugonu
Makhleb
Okawaru
Trog
Vehumet
Wu Jian
Yredelemnul
Zin
The Shining One

Shops:
D:4 *


Innate Abilities, Weirdness & Mutations

Your spells do not cause hunger and MP costs are reduced by 1.
Your bright wings attract enemies. (Stealth-)
You cannot fit into any form of body armour.
Your shimmering scales are hard and can block incoming attacks. (AC +5, SH +5)
You are small and have problems with some larger weapons.
You can fly continuously.


Message History

The orc wizard gestures at you while chanting.
The magic dart hits you!
* * * LOW HITPOINT WARNING * * *
The orc wizard miscasts a cantrip.
You closely miss the orc wizard.
The orc wizard is almost dead.
The orc wizard hits you with a +0 dagger.
* * * LOW HITPOINT WARNING * * *
The orc wizard gestures wildly while chanting.
The orc wizard blinks!
The orc wizard points at you and mumbles some strange words.
The puff of flame hits you!
* * * LOW HITPOINT WARNING * * *
You hit the orc wizard.
You kill the orc wizard!
Vehumet accepts your kill. The orc hits you but does no damage.
The orc wizard gestures at you while chanting.
The magic dart hits you!
You die...

#. #. # #.##.# #o
#.##.#########
.####.##.#........ #
........#.#######
#.###o........# #
#...#o##..###.##### #
#†@)............# #
#.o.#.........###.# #
.....#####...###.###.###
.### #.....##........
##...#######.### ##.##
#.# #.# #.# #.# #.# ###
#+## #####.###


You could see an orc wizard and 2 orcs.

Vanquished Creatures
  Grinder (D:4)
  Eustachio (D:4)
  Menkaure (D:5)
  A scorpion (D:4)
  A crimson imp (D:4)
  A hound (D:5)
  Crazy Yiuf (D:2)
  2 orc priests
  A centaur skeleton (D:3)
  An iguana (D:3)
  3 orc wizards
  2 worker ants
  5 adders
  A shadow imp (D:5)
  5 dart slugs
  2 leopard geckos (D:1)
  4 orcs (D:3)
  A giant cockroach (D:2)
  10 goblins
  6 hobgoblins
  9 jackals
  A quokka (D:3)
  6 bats
  6 frilled lizards
  6 kobolds
  2 rats
80 creatures vanquished.

Notes
Turn   | Place    | Note
-------+----------+-------------------------------------------
     0 | D:1      | Freyura the Fairy Fire Elementalist began the quest for the
                  | Orb.
     0 | D:1      | Reached XP level 1. HP: 11/11 MP: 6/6
   114 | D:1      | Reached skill level 3 in Spellcasting
   114 | D:1      | Reached XP level 2. HP: 17/17 MP: 8/8
   329 | D:1      | Reached XP level 3. HP: 21/21 MP: 9/9
   702 | D:2      | Found a blossoming altar of Fedhas.
   741 | D:2      | Reached skill level 4 in Spellcasting
   741 | D:2      | Reached XP level 4. HP: 27/27 MP: 12/12
  1095 | D:2      | Found a runed door.
  1100 | D:2      | Learned a level 3 spell: Conjure Flame
  1103 | D:2      | Noticed Crazy Yiuf
  1112 | D:2      | Killed Crazy Yiuf
  1304 | D:3      | Reached XP level 5. HP: 18/31 MP: 14/14
  1316 | D:3      | Reached skill level 5 in Spellcasting
  1355 | D:3      | HP: 1/31 [centaur skeleton (7)]
  1357 | D:3      | Reached skill level 5 in Fire Magic
  1849 | D:3      | Reached XP level 6. HP: 36/36 MP: 16/16
  2180 | D:3      | Found a shadowy altar of Dithmenos.
  2203 | D:3      | Found a glowing silver altar of Zin.
  2320 | D:3      | Found an ancient bone altar of Kikubaaqudgha.
  2320 | D:3      | Found a snail-covered altar of Cheibriados.
  2430 | D:4      | Reached skill level 6 in Spellcasting
  2439 | D:4      | Got a translucent chain mail
  2485 | D:4      | Found Merphi Hyall's Assorted Antiques.
  2559 | D:4      | Noticed Grinder
  2559 | D:4      | Paralysed by Grinder for 2 turns
  2568 | D:4      | Killed Grinder
  2568 | D:4      | Reached XP level 7. HP: 29/41 MP: 19/19
  2583 | D:4      | Learned a level 5 spell: Fireball
  2585 | D:4      | Found an opulent altar of Gozag.
  2640 | D:4      | Found a staircase to the Ecumenical Temple.
  2649 | Temple   | Entered the Ecumenical Temple
  2857 | Temple   | Became a worshipper of Vehumet
  3034 | D:4      | Noticed Eustachio
  3043 | D:4      | Killed Eustachio
  3043 | D:4      | Reached skill level 7 in Spellcasting
  3080 | D:5      | Entered Level 5 of the Dungeon
  3080 | D:5      | Noticed Menkaure
  3087 | D:5      | Killed Menkaure
  3167 | D:5      | Reached XP level 8. HP: 45/47 MP: 21/21
  3475 | D:5      | HP: 1/47 [orc wizard/puff of flame (2)]
  3476 | D:5      | Killed from afar by an orc wizard

Skill      XL: |  1  2  3  4  5  6  7 |
---------------+----------------------+-----
Spellcasting   | 3 4 5 6 7 |  7.9
Fire Magic     | 4 5 6 |  6.3
Dodging        | 3 4 |  4.1
Conjurations   | 2 4 |  4.7
Fighting       | |  0.3
Staves         | |  0.8
Stealth        | |  1.5

Action                   |  1- 3 |  4- 6 |  7- 9 || total
-------------------------+-------+-------+-------++-------
Melee: Quarterstaff      |       |    14 |     9 ||    23
 Cast: Flame Tongue      |    65 |   109 |    37 ||   211
       Conjure Flame     |       |     2 |       ||     2
  Use: Scroll            |       |    12 |       ||    12
  Eat: Chunk             |       |     3 |       ||     3
       Ration            |       |       |     1 ||     1
Armor: Skin              |     9 |    14 |     8 ||    31
Dodge: Dodged            |    33 |    88 |    18 ||   139
Block: Other             |     7 |    18 |     7 ||    32
